 Dungeon Crawl Stone Soup version 0.30-a0-954-gcf5f444c16 (webtiles) character file.

Game seed: 2471487011555328629

60 Jane2 the Cutter (level 4, -2/33 HPs)
             Began as a Human Gladiator on Mar 29, 2023.
             Was a Follower of Jiyva.
             Slain by an iguana (5 damage)
             ... on level 4 of the Dungeon.
             The game lasted 00:06:40 (1307 turns).

Jane2 the Cutter (Human Gladiator)                  Turns: 1307, Time: 00:06:41

Health: -2/33      AC:  6    Str: 15    XL:     4   Next: 25%
Magic:  4/4        EV: 12    Int: 13    God:    Jiyva [*.....]
Gold:   62         SH:  0    Dex: 16    Spells: 3/3 levels left

rFire   + . .      SeeInvis .    a - +0 rapier
rCold   + . .      Faith    .    (no shield)
rNeg    . . .      Spirit   .    j - +0 ring mail
rPois   .          Reflect  .    c - +0 helmet
rElec   .          Rampage  .    (no cloak)
rCorr   .                        (no gloves)
Will    .....                    (no boots)
Stlth   +                        (no amulet)
HPRegen 1.05/turn                b - ring of Osyusito {rF+ rC+ Int+5}
MPRegen 0.34/turn                (no ring)

@: no status effects
A: no striking features
a: Renounce Religion


You were on level 4 of the Dungeon.
You worshipped Jiyva.
Jiyva was aware of your devotion.
You visited 1 branch of the dungeon, and saw 3 of its levels.

You collected 62 gold pieces.

Inventory:

Hand Weapons
 a - a +0 rapier (weapon)
Missiles
 d - 3 throwing nets (quivered)
 e - a javelin
Armour
 c - a +0 helmet (worn)
 j - a +0 ring mail (worn)
Jewellery
 b - the ring of Osyusito (left hand) {rF+ rC+ Int+5}
   (You found it on level 2 of the Dungeon)

   [ring of protection from fire]

   Int:       It affects your intelligence (+5).
   rF:        It protects you from fire.
   rC:        It protects you from cold.
Scrolls
 f - a scroll of identify {unknown}
 g - 3 scrolls of teleportation {unknown}
 h - 2 scrolls of poison {unknown}
 k - a scroll of enchant armour {unknown}
Potions
 i - 2 potions of heal wounds {unknown}


   Skills:
 + Level 2.2 Fighting
 + Level 3.8 Short Blades
 - Level 2.0 Throwing
 + Level 0.7 Armour
 + Level 3.8 Dodging
 + Level 0.1 Stealth


You had 3 spell levels left.
You didn't know any spells.
Your spell library contained the following spells:

 Spells                   Type           Power      Damage    Failure   Level
 Summon Guardian Golem    Hex/Summ       0%         N/A       88%         3
 Orb of Destruction       Conj           0%         9d5       100%        7
 Spellforged Servitor     Conj/Summ      0%         N/A       100%        7


Dungeon Overview and Level Annotations

Branches:
Dungeon (4/15)
 Temple: D:4-7

Altars:
Jiyva

Shops:
D:4 :

Annotations:
D:2 1 runed translucent door, Crazy Yiuf


Message History

HP restored.
You hear a distant slurping noise.
Found a stone staircase leading down.
You hear a distant slurping noise.
You hear a distant slurping noise.
Found 6 stones.
You see here 6 stones.
Found a scale mail.
Found Ygemyd's Vocational Training.
An iguana and a hobgoblin come into view.
Found 3 stones and a scroll labelled WAR AMIACRAN.
The iguana hisses angrily.
The hobgoblin shouts!
The hobgoblin moves out of view.
Found a stone staircase leading down.
A hobgoblin comes into view.
You barely miss the iguana.
The hobgoblin shouts!
The iguana bites you!
You hit the iguana but do no damage. The iguana bites you!
You hear a series of splatters.
The iguana bites you but does no damage.
You hit the iguana but do no damage. The iguana bites you.
You hear a distant slurping noise.
The iguana attacks as you move away! The iguana bites you.
You hear a distant slurping noise.
You hit the iguana but do no damage.
The iguana bites you but does no damage.
You hear a distant slurping noise.
You closely miss the iguana. Your punch misses the iguana.
The iguana bites you.
You hit the iguana.
The iguana is lightly wounded.
The iguana closely misses you.
You hear a slurping noise.
The iguana bites you!
* * * LOW HITPOINT WARNING * * *
You hit the hobgoblin.
You kill the hobgoblin!
The iguana bites you.
You die...

...........#
..########.##########
..# #.##.......## ..#
#..(.#.#.#..# ..#
###.........# ..#
##..#.#.#..# ..#####
###..........#
..#...........#.#.#..#
..###########...@....#
..# #####lg..# ..#
#.#.## ..# ######.#.#
..# #......# #
..###### #(......#
.......# #.⌠.⌠.#J#
.....#.####........
##...#.......∩.....


You could see an iguana, a hobgoblin and a neutral jelly (wandering) (fellow
slime).

Vanquished Creatures
  A gnoll (D:1)
  2 adders (D:2)
  2 dart slugs
  3 endoplasms
  3 giant cockroaches (D:1)
  3 hobgoblins
  A kobold (D:2)
  2 ball pythons
  6 bats
  A frilled lizard (D:1)
  2 goblins (D:1)
  5 rats
31 creatures vanquished.

Vanquished Creatures (others)
  An endoplasm (D:2)
  2 hobgoblins (D:4)
3 creatures vanquished.

Grand Total: 34 creatures vanquished

Notes
Turn   | Place    | Note
-------+----------+-------------------------------------------
     0 | D:1      | Jane2 the Human Gladiator began the quest for the Orb.
     0 | D:1      | Reached XP level 1. HP: 16/16 MP: 1/1
    90 | D:1      | Reached XP level 2. HP: 13/22 MP: 2/2
   247 | D:1      | Reached XP level 3. HP: 26/27 MP: 3/3
   964 | D:2      | Identified the ring of Osyusito {rF+ rC+ Int+5}
  1054 | D:2      | Reached XP level 4. HP: 32/33 MP: 4/4
  1115 | D:2      | Found a faded altar of an unknown god.
  1117 | D:2      | Prayed at the altar of an unknown god.
  1117 | D:2      | Became a worshipper of Jiyva Jiczaym the Shapeless
  1117 | D:2      | Reached * piety under Jiyva
  1208 | D:2      | Found a runed translucent door.
  1209 | D:2      | Noticed Crazy Yiuf
  1211 | D:2      | You fall into a shaft and drop 2 floors!
  1293 | D:4      | Found Ygemyd's Vocational Training.
  1307 | D:4      | Slain by an iguana

Illustrated notes

Levels and vault maps discovered:
D:1:      ncdulo_lavacross, layout_rooms, amcnicky_mini_pool_small, minivault_27
D:2:      wander_river, layout_rooms, chequers_ecumenical_altar_twisty,
          minivault_24, nicolae_figureground_sparkle, uniq_crazy_yiuf_cottage
D:4:      layout_rooms, tgw_trog, serial_co_window_serial, co_window_cross_1,
          co_window_corner_a, co_window_paths_b, co_window_corner_a,
          co_window_paths_a, co_window_broadway_a, co_window_corner_b,
          co_window_paths_c, co_window_corner_b, co_window_broadway_b,
          co_window_paths_c, co_window_4corner_b, glass_columns_a,
          glass_columns_b, glass_columns_a, glass_columns_a,
          nicolae_shop_vocational, uniq_robin

Action                     |  1- 3 |  4- 6 || total
---------------------------+-------+-------++-------
  Melee: Rapier            |    74 |    19 ||    93
    Use: Scroll            |     1 |       ||     1
   Stab: Sleeping          |     1 |       ||     1
 Armour: Leather armour    |    29 |       ||    29
         Ring mail         |     4 |     7 ||    11
  Dodge: Dodged            |    73 |     4 ||    77

Table legend: (Time is in decaauts)
 A = Elapsed time spent in this place.
 B = Non-inter-level travel time spent in this place.
 C = Inter-level travel time spent in this place.
 D = Time resting spent in this place.
 E = Time spent auto-exploring this place.
 F = Levels seen in this place.
 G = Mean time per level.
                   A        B        C        D        E       F      G
               +--------+--------+--------+--------+--------+-----+--------+
         Total |   1309 |   1060 |    249 |    122 |    598 |   3 |  436.3 |
       Dungeon |   1309 |   1060 |    249 |    122 |    598 |   3 |  436.3 |
               +--------+--------+--------+--------+--------+-----+--------+

Top non-repeatable levels by time:
     D:1: 810 daAuts
     D:2: 402 daAuts
     D:4: 95 daAuts
